 Dungeon Crawl Stone Soup version 0.30-a0-424-g7412bad402 (webtiles) character file.

Game seed: 422423261934300148

4 NinjaNoafa the Sneak (level 1, -5/14 HPs)
             Began as a Gargoyle Delver on Dec 9, 2022.
             Slain by an iguana (6 damage)
             ... on level 4 of the Dungeon.
             The game lasted 00:00:48 (122 turns).

NinjaNoafa the Sneak (Gargoyle Delver)               Turns: 122, Time: 00:00:48

Health: -5/14      AC:  5    Str: 15    XL:     1   Next: 70%
Magic:  1/1        EV:  8    Int: 10    God:
Gold:   22         SH:  0    Dex: 11    Spells: 0/0 levels left

rFire   . . .      SeeInvis .    a - +0 short sword
rCold   . . .      Faith    .    (no shield)
rNeg    + . .      Spirit   .    b - +0 leather armour
rPois   ∞          Reflect  .    (no helmet)
rElec   +          Harm     .    (no cloak)
rCorr   .          Rampage  .    (no gloves)
Will    .....                    (no boots)
Stlth   +++.......               (no amulet)
HPRegen 0.22/turn                (no ring)
MPRegen 0.07/turn                (no ring)

@: constricted
A: sickness immunity, AC +2, negative energy resistance 1, electricity
resistance, torment resistance 1, petrification resistance
a: no special abilities


You were on level 4 of the Dungeon.
You visited 1 branch of the dungeon, and saw 2 of its levels.

You collected 22 gold pieces.

Inventory:

Hand Weapons
 a - a +0 short sword (weapon)
Armour
 b - a +0 leather armour (worn)
Wands
 g - a wand of digging (3)
Scrolls
 c - a scroll of fog
 d - a scroll of magic mapping
 e - a scroll of fear
Potions
 f - a potion of haste


   Skills:
 + Level 3.3 Fighting
 + Level 1.8 Short Blades
 + Level 0.3 Armour
 + Level 1.6 Dodging
 + Level 5.5 Stealth


You couldn't memorise any spells.
You didn't know any spells.
Your spell library was empty.

Dungeon Overview and Level Annotations

Branches:
Dungeon (5/15)
 Temple: D:4-7

Altars:


Innate Abilities, Weirdness & Mutations

You are immune to sickness and miasma.
Your stone body is resilient. (AC +2)
You are immune to poison.
You resist negative energy. (rN+)
You are resistant to electric shocks. (rElec)
You are resistant to unholy torment.
You are immune to petrification.


Message History

Unknown command.
Unknown command.
Unknown command.
Unknown command.
A hobgoblin comes into view.
The iguana hisses angrily.
Unknown command.
The iguana closely misses you. The iguana attacks as you move away!
The iguana bites you.
A ball python comes into view.
A kobold comes into view. It is wielding a +0 whip.
A hobgoblin comes into view.
The hobgoblin shouts!
The kobold shouts!
The iguana attacks as you move away! The iguana closely misses you.
A ball python comes into view.
Found a stone staircase leading up.
An endoplasm comes into view.
The endoplasm quivers.
The hobgoblin misses you. The hobgoblin hits you.
The hobgoblin attacks as you move away! The hobgoblin hits you.
An iguana comes into view.
The iguana attacks as you move away! The iguana closely misses you.
The ball python hisses angrily.
The ball python completely misses you. The ball python grabs you.
The ball python constricts you. The endoplasm misses you.
You escape the ball python's grasp.
The iguana attacks as you move away! The iguana bites you!
Ouch! That really hurt!
* * * LOW HITPOINT WARNING * * *
The ball python barely misses you. The ball python closely misses you.
The endoplasm attacks as you move away! The endoplasm closely misses you.
The ball python attacks as you move away!
The ball python bites you but does no damage.
The ball python completely misses you.
There is a stone staircase leading up here.
The ball python barely misses you. The ball python grabs you.
You stop ascending the stairs.
The ball python constricts you. The endoplasm barely misses you.
The iguana bites you.
You die...

#...#.##....#
#........## ..
##........# #..
##......## ....
##.......## .....
#.........### #....#
#.........#.###...#
#............l.....##.
..........K..SJ@.......
..........#l..S##...##.
.......#.#..#.g.# ..#
......#...###.... ...
..#...... ###... ... #
.#..l #...... #... ....
. ## .#.


You could see 2 iguanas, an endoplasm, a hobgoblin, 2 ball pythons and a kobold.

Vanquished Creatures
  2 orcs (D:4)
  A ball python (D:4)
3 creatures vanquished.

Notes
Turn   | Place    | Note
-------+----------+-------------------------------------------
     0 | D:5      | NinjaNoafa the Gargoyle Delver began the quest for the Orb.
     0 | D:5      | Reached XP level 1. HP: 14/14 MP: 1/1
     6 | D:5      | Noticed an orc wizard
    84 | D:4      | Noticed an iguana
   118 | D:4      | Noticed an iguana
   122 | D:4      | Slain by an iguana

Illustrated notes

Levels and vault maps discovered:
D:4:      layout_cave_pools, mainiacjoe_overflow_small_starburst,
          elyvilon_altar_5, kennysheep_generic_room_12
D:5:      black_bear_nest_1, layout_cave_pools, minmay_temple_entry_antechambers

Action                   || total
-------------------------++-------
Melee: Short sword       ||     8
Armor: Leather armour    ||     3
Dodge: Dodged            ||    21

Table legend: (Time is in decaauts)
 A = Elapsed time spent in this place.
 B = Non-inter-level travel time spent in this place.
 C = Inter-level travel time spent in this place.
 D = Time resting spent in this place.
 E = Time spent auto-exploring this place.
 F = Levels seen in this place.
 G = Mean time per level.
                   A        B        C        D        E       F      G
               +--------+--------+--------+--------+--------+-----+--------+
         Total |    120 |    120 |      0 |      0 |     62 |   2 |   60.0 |
       Dungeon |    120 |    120 |      0 |      0 |     62 |   2 |   60.0 |
               +--------+--------+--------+--------+--------+-----+--------+

Top non-repeatable levels by time:
     D:4: 108 daAuts
     D:5: 12 daAuts
